 Dungeon Crawl Stone Soup version 0.20.0-10-g0535bb4 (webtiles) character file.

164845 theElss the Peltast (level 17, -22/109 HPs)
             Began as a Gargoyle Berserker on June 3, 2017.
             Was the Champion of Trog.
             Annihilated by a white very ugly thing (26 damage)
             ... on level 1 of the Depths.
             The game lasted 01:54:34 (32264 turns).

theElss the Peltast (Gargoyle Berserker)           Turns: 32264, Time: 01:54:34

Health: -22/109    AC: 39    Str: 26    XL:     17   Next: 86%
Magic:  17/17      EV: 10    Int:  9    God:    Trog [******]
Gold:   1455       SH: 24    Dex: 13    Spells: 16/16 levels left

rFire    . . .     SeeInvis .   z - +8 morningstar of Slow Death {crush, +Inv}
rCold    + . .     Gourm    +   f - +0 large shield
rNeg     + + .     Faith    .   G - +6 plate armour of the Orb Guardian {MR+}
rPois    ∞         Spirit   .   N - +2 helmet
rElec    +         Reflect  .   h - scarf {cloud immunity}
rCorr    .         Harm     .   H - +1 pair of gloves {Dex+3}
MR       ++...                  (no boots)
Stlth    ..........             T - amulet of the gourmand
Regen    0.3/turn               o - ring of protection from cold
MPRegen  0.2/turn               J - ring of positive energy

@: flying
A: big wings, negative energy resistance 1, electricity resistance, unbreathing,
petrification resistance, rot immunity, AC +12
a: Stop Flying, Berserk, Trog's Hand, Brothers in Arms, Burn Spellbooks,
Renounce Religion, Evoke Invisibility


You were on level 1 of the Depths.
You worshipped Trog.
Trog was exalted by your worship.
You were full.

You visited 4 branches of the dungeon, and saw 25 of its levels.
You also visited: Labyrinth and Ice Cave.

You collected 2647 gold pieces.
You spent 1192 gold pieces at shops.

Inventory:

Hand Weapons
 z - the +8 morningstar of Slow Death (weapon) {crush, +Inv}
   (Trog gifted it to you on level 2 of the Orcish Mines)

   It inflicts extra damage upon your enemies.
   It lets you turn invisible.
Armour
 f - a +0 large shield (worn)
 g - a +2 buckler
 h - a scarf of cloud immunity (worn)
 m - a +1 cloak of cold resistance
 G - the +6 plate armour of the Orb Guardian (worn) {MR+}
   (You took it off a minotaur in a labyrinth)

   It affects your resistance to hostile enchantments.
 H - a +1 pair of gloves of dexterity (worn)
 N - a +2 helmet (worn)
Jewellery
 j - a +6 ring of evasion
 o - a ring of protection from cold (left hand)
 t - an uncursed ring of see invisible
 y - a +3 ring of intelligence
 E - a +3 ring of strength
 J - a ring of positive energy (right hand)
 T - an amulet of the gourmand (around neck)
Wands
 d - a wand of random effects (33/48)
 r - a wand of flame (31/48)
 w - a wand of iceblast (11/15)
 B - a wand of iceblast (2/15)
 C - a wand of polymorph (11/24)
 F - a wand of lightning (6/15)
 K - a wand of acid (10/15)
 M - a wand of flame (16/48)
 P - a wand of disintegration (20/24)
 S - a wand of random effects (26/48)
 V - a wand of digging (13/24)
 W - a wand of polymorph (9/24)
 X - a wand of lightning (4/15)
 Y - a wand of disintegration (12/24)
Scrolls
 e - 11 scrolls of remove curse
 i - 2 scrolls of magic mapping
 k - 2 scrolls of blinking
 l - 6 scrolls of teleportation
 s - 4 scrolls of fog
 v - 4 scrolls of fear
 O - a scroll of identify
 Q - 5 scrolls of enchant weapon
 Z - a scroll of holy word
Potions
 b - a potion of haste
 n - 4 potions of might
 q - a potion of mutation
 u - 9 potions of curing
 x - a potion of invisibility
 D - a potion of cancellation
 I - 4 potions of heal wounds
 L - 6 potions of agility
 U - a potion of resistance
Comestibles
 a - 8 fruits
 c - 5 bread rations
 p - 6 meat rations
 A - 8 royal jellies


   Skills:
 - Level 13.2 Fighting
 - Level 16.7 Maces & Flails
 - Level 10.9 Armour
 - Level 7.1 Dodging
 + Level 20.7 Shields


You had 16 spell levels left.
You didn't know any spells.

Dungeon Overview and Level Annotations

Branches:
Dungeon (15/15)            Temple (0/1) D:4            Lair (6/6) D:10
 Shoals (0/4) Lair:4        Snake (0/4) Lair:3        Slime (0/5) Lair:5
    Orc (2/2) D:12            Elf (0/3) Orc:2        Vaults (0/5) D:14
 Depths (2/5) D:15

Altars:
Ashenzari
Cheibriados
Kikubaaqudgha
Makhleb
Nemelex Xobeh
Okawaru
Sif Muna
Vehumet
Xom
Yredelemnul
The Shining One
Beogh
Jiyva
Lugonu

Shops:
D:12 !   Orc:1 [(   Orc:2 **[[*   Depths:1 =}}

Portals:
Hell: Depths:1 Depths:2


Innate Abilities, Weirdness & Mutations

You are resistant to torment.
Your stone body is resilient. (AC +12)
You are immune to poison.
Your large and strong wings let you fly indefinitely.
You resist negative energy. (rN+)
You are resistant to electric shocks. (rElec)
You can survive without breathing.
You are immune to petrification.
You are immune to rotting.


Message History

A white very ugly thing comes into view.
Unknown command.
There is a stone staircase leading down, spattered with blood here.
You see here a glowing mace {god gift}.
A white very ugly thing comes into view.
You bludgeon the white very ugly thing!!
The white very ugly thing is moderately wounded.
The white very ugly thing stings you but does no damage.
You stick the white very ugly thing like a pincushion!!!
The white very ugly thing is severely wounded.
You hear a horrible gurgling sound! x2
The white very ugly thing stings you. The white very ugly thing freezes you!!
You resist.
* * * LOW HITPOINT WARNING * * *
You sock the white very ugly thing!
The white very ugly thing is almost dead.
The white very ugly thing stings you!
* * * LOW HITPOINT WARNING * * *
The white very ugly thing freezes you!! You resist.
You die...

....≈≈........#..≈≈.......())...#
....≈§.......##..≈≈≈≈......()....
....≈≈......###.≈≈≈≈......)...≈≈≈
....≈≈.....##...≈≈.........##.≈≈.
..........##..[≈≈≈...............
#........##≈.≈†>[≈[..............
##########...≈≈..................
#..####..≈≈≈≈.#..........##...
#####..#......≈≈@###.........#...
.............#.u..#####.##..###..
#####.##....##...## #####.##...
########....#..### ######..###..
.......##...#.u.#####.##.##..#..(
...(...#######...#...............
.......# ######.............)≈≈≈.
.......# #.##.............#..≈≈≈≈
.......###..#..≈≈≈........##.≈≈≈.


You could see 2 very ugly things.

Vanquished Creatures
  Nikola (Depths:1)
  A quicksilver dragon (Depths:1)
  A sphinx (Depths:1)
  Gastronok (D:8)
  2 tengu reavers (Depths:2)
  2 fire giants (Depths:2)
  2 frost giants (Depths:1)
  2 very ugly things (Depths:1)
  6 stone giants
  A vampire knight (Depths:1)
  Nessos (D:15)
  7 spark wasps
  2 ettins
  3 fire dragons
  A minotaur (Lab)
  Snorg (D:10)
  A yaktaur captain (D:15)
  The ghost of Fingolfin the Fighter, a journeyman MiFi of Ru (Lair:1)
  4 ogre magi
  5 ice dragons
  6 hydras
  A rakshasa (Depths:1)
  Erica (D:11)
  3 centaur warriors
  The ghost of zhorgal the Grappler, a novice TrMo of Trog (D:10)
  12 two-headed ogres
  A queen ant (D:8)
  3 deep troll shamans
  Urug (D:12)
  2 vampire magi
  3 orc high priests (Orc:2)
  5 tengu warriors
  2 deep troll earth magi
  The ghost of itsmu the Zephyrmancer, a novice TeAE of Elyvilon (D:8)
  A deep elf knight (D:14)
  Nergalle (Orc:2)
  Sonja (Lair:3)
  A skeletal warrior (D:14)
  A glowing orange brain (Depths:1)
  An unseen horror (D:10)
  7 deep trolls
  An obsidian statue (D:11)
  An orange crystal statue (Depths:1)
  A sea snake (shapeshifter) (D:15)
  2 wizards
  A necromancer (IceCv)
  Pikel (D:9)
  12 ugly things
  A wolf spider (D:15)
  5 orc knights
  5 orc sorcerers
  3 deep elf magi
  9 elephants
  A cyclops (D:13)
  A salamander (shapeshifter) (D:13)
  A manticore (Lair:4)
  Maurice (Orc:2)
  2 centaur zombies
  An oklob plant (Lair:5)
  An ice statue (IceCv)
  Joseph (D:10)
  4 black mambas
  16 spiny frogs
  3 gargoyles
  6 kobold demonologists
  7 yaktaurs
  14 komodo dragons
  An efreet (D:15)
  A rime drake (Lair:6)
  4 tengu conjurers
  10 freezing wraiths (IceCv)
  A queen bee (D:9)
  3 meliai (D:15)
  8 trolls
  4 polar bears
  A polar bear (shapeshifter) (Depths:1)
  Prince Ribbit (D:5)
  7 hornets
  9 slime creatures
  19 blink frogs
  12 hippogriffs
  2 dream sheep (Lair:6)
  2 shadows (D:14)
  3 vampires
  34 yaks
  13 spriggans (Lair:6)
  A fire bat (shapeshifter) (Depths:2)
  5 water elementals (Depths:1)
  A wraith (D:14)
  6 basilisks
  A human (shapeshifter) (D:13)
  3 wyverns
  2 hungry ghosts
  2 death yak simulacra (IceCv)
  Menkaure (D:4)
  8 vampire mosquitoes
  A warg (Orc:1)
  9 soldier ants
  Edmund (D:5)
  9 water moccasins
  2 porcupines
  An eye of draining (shapeshifter) (D:13)
  5 phantoms
  A meliai simulacrum (D:14)
  21 orc warriors
  25 ice beasts
  13 ogres
  5 sky beasts
  8 black bears
  An eye of draining (D:8)
  10 boggarts
  A necrophage (D:9)
  23 centaurs
  12 crocodiles
  29 wolves
  Blork the orc (D:4)
  4 big kobolds
  11 bullfrogs
  A wyvern zombie (D:15)
  A gnoll sergeant (D:8)
  3 wyvern skeletons (D:14)
  4 scorpions
  32 killer bees
  2 electric eels (Lair:2)
  5 jellies
  3 howler monkeys (D:9)
  8 crimson imps
  2 bullfrog zombies
  3 draconian simulacra (IceCv)
  2 quasits
  6 hounds
  16 orc priests
  2 bullfrog skeletons
  32 orc wizards
  8 centaur skeletons
  Jessica (D:2)
  10 iguanas
  26 worker ants
  2 spriggan simulacra (IceCv)
  A polar bear simulacrum (IceCv)
  7 troll simulacra (IceCv)
  A wolf simulacrum (IceCv)
  6 centaur simulacra
  A howler monkey zombie (D:5)
  12 adders
  4 naga simulacra (IceCv)
  A shadow imp (D:15)
  15 white imps
  An ufetubus (D:14)
  3 oozes
  An adder skeleton (D:8)
  2 worms
  A dart slug (D:1)
  3 leopard geckos
  90 orcs
  A giant cockroach (D:1)
  9 hobgoblins
  11 jackals
  19 kobolds
  2 quokkas
  5 bats
  2 frilled lizards
  4 goblins
  8 rats
938 creatures vanquished.

Vanquished Creatures (collateral kills)
  The ghost of Rekenzichi the Warrior, an adept DrGl of Yredelemnul (Depths:1)
1 creature vanquished.

Vanquished Creatures (others)
  A stone giant (Depths:2)
  2 yaktaurs (Depths:2)
  3 slaves (D:9)
  A human (D:4)
  A boggart (Depths:2)
  A centaur (D:9)
  A bullfrog (D:9)
  A hound (D:9)
  An orc wizard (D:3)
  A white imp (IceCv)
  2 adder skeletons (D:9)
  3 orcs (Orc:1)
  4 fungi
  16 plants
38 creatures vanquished.

Grand Total: 977 creatures vanquished

Notes
Turn   | Place    | Note
-------+----------+-------------------------------------------
     0 | D:1      | theElss the Gargoyle Berserker began the quest for the Orb.
     0 | D:1      | Reached XP level 1. HP: 14/14 MP: 1/1
   213 | D:1      | Reached XP level 2. HP: 16/19 MP: 2/2
   810 | D:2      | Reached XP level 3. HP: 24/24 MP: 3/3
   957 | D:2      | Noticed Jessica
   966 | D:2      | Killed Jessica
  1205 | D:2      | Reached ** piety under Trog
  1205 | D:2      | Reached XP level 4. HP: 29/29 MP: 4/4
  1789 | D:3      | Found a faded altar of an unknown god.
  1941 | D:3      | Found a deep blue altar of Sif Muna.
  1951 | D:3      | Reached XP level 5. HP: 25/33 MP: 5/5
  2580 | D:4      | Noticed a phantom
  2669 | D:4      | Killed a phantom
  2669 | D:4      | Reached skill level 5 in Maces & Flails
  2669 | D:4      | Reached XP level 6. HP: 26/39 MP: 6/6
  2820 | D:4      | Noticed Menkaure
  2825 | D:4      | Killed Menkaure
  2825 | D:4      | Reached XP level 7. HP: 44/44 MP: 7/7
  2935 | D:4      | Noticed Blork the orc
  2950 | D:4      | Killed Blork the orc
  3007 | D:4      | Found a staircase to the Ecumenical Temple.
  3018 | D:4      | Found an ancient bone altar of Kikubaaqudgha.
  3021 | D:4      | Noticed a human
  3022 | D:4      | Killed a human
  3064 | D:4      | Found a shimmering altar of Xom.
  3134 | D:4      | Reached skill level 5 in Fighting
  3415 | D:5      | Entered Level 5 of the Dungeon
  3539 | D:5      | Reached *** piety under Trog
  3673 | D:5      | Reached skill level 5 in Armour
  3722 | D:5      | Reached XP level 8. HP: 49/49 MP: 8/8
  3851 | D:5      | Found a burning altar of Makhleb.
  4135 | D:5      | Noticed Edmund
  4221 | D:5      | Killed Edmund
  4585 | D:5      | Noticed Prince Ribbit
  4597 | D:5      | Killed Prince Ribbit
  4996 | D:6      | Reached XP level 9. HP: 37/55 MP: 9/9
  5554 | D:7      | Found a basalt altar of Yredelemnul.
  5771 | D:7      | Reached **** piety under Trog
  6173 | D:7      | Found a sparkling altar of Nemelex Xobeh.
  6230 | D:8      | Found an iron altar of Okawaru.
  6332 | D:8      | Found a radiant altar of Vehumet.
  6418 | D:8      | Noticed Gastronok
  6435 | D:8      | Killed Gastronok
  6435 | D:8      | Reached XP level 10. HP: 47/64 MP: 10/10
  6489 | D:8      | Found a shattered altar of Ashenzari.
  6522 | D:8      | Reached skill level 5 in Dodging
  6532 | D:8      | Noticed itsmu's ghost (novice TeAE)
  6592 | D:8      | Killed itsmu's ghost
  6662 | D:8      | Noticed a queen ant
  6680 | D:8      | Killed a queen ant
  6680 | D:8      | Reached XP level 11. HP: 69/69 MP: 0/11
  7374 | D:9      | Reached skill level 1 in Shields
  7379 | D:9      | Noticed a two-headed ogre
  7382 | D:9      | Reached skill level 2 in Shields
  7388 | D:9      | Killed a two-headed ogre
  7388 | D:9      | Reached skill level 3 in Shields
  7392 | D:9      | Reached skill level 4 in Shields
  7478 | D:9      | Reached skill level 5 in Shields
  7835 | D:9      | Noticed Pikel
  7843 | D:9      | Killed Pikel
  7843 | D:9      | Reached skill level 6 in Shields
  7995 | D:9      | Found a glowing golden altar of the Shining One.
  8244 | D:9      | Reached ***** piety under Trog
  8280 | D:9      | Reached skill level 7 in Shields
  8734 | D:9      | Reached skill level 8 in Shields
  8822 | D:10     | Entered Level 10 of the Dungeon
  8855 | D:10     | Noticed Joseph
  8865 | D:10     | Killed Joseph
  9029 | D:10     | Noticed zhorgal's ghost (novice TrMo)
  9044 | D:10     | Killed zhorgal's ghost
  9044 | D:10     | Reached skill level 9 in Shields
  9116 | D:10     | Found a corrupted altar of Lugonu.
  9217 | D:10     | Noticed a soul eater
  9222 | D:10     | Reached XP level 12. HP: 76/76 MP: 12/12
  9436 | D:10     | Found a snail-covered altar of Cheibriados.
  9464 | D:10     | Noticed Snorg
  9484 | D:10     | Killed Snorg
  9640 | D:10     | Found a staircase to the Lair.
 10008 | D:11     | Noticed Erica
 10021 | D:11     | Killed Erica
 10250 | D:11     | Found a glowing golden altar of the Shining One.
 10503 | D:11     | Received a gift from Trog
 10894 | D:11     | Reached skill level 10 in Shields
 11536 | D:12     | Found Oseiben's Distillery.
 11598 | D:12     | Found a labyrinth entrance.
 11622 | Lab      | Entered a labyrinth
 12420 | Lab      | Noticed a minotaur
 12430 | Lab      | Killed a minotaur
 12430 | Lab      | Reached skill level 10 in Fighting
 12433 | Lab      | Got a brightly glowing plate armour
 12476 | D:12     | Identified the +6 plate armour of the Orb Guardian {MR+} (You took it off a minotaur in a labyrinth)
 12524 | D:12     | Noticed Urug
 12538 | D:12     | Killed Urug
 12766 | D:12     | Reached XP level 13. HP: 82/82 MP: 13/13
 12803 | D:12     | Bought a potion of heal wounds for 80 gold pieces
 12972 | D:12     | Found a staircase to the Orcish Mines.
 13246 | Lair:1   | Entered Level 1 of the Lair of Beasts
 13403 | Lair:1   | Noticed Fingolfin's ghost (journeyman MiFi)
 13432 | Lair:1   | Killed Fingolfin's ghost
 15558 | Lair:3   | Found a staircase to the Snake Pit.
 15596 | Lair:3   | Noticed Sonja
 15651 | Lair:3   | Killed Sonja
 15680 | Lair:3   | Reached ****** piety under Trog
 15869 | Lair:3   | Received a gift from Trog
 15881 | Lair:3   | Reached skill level 11 in Shields
 15987 | Lair:3   | Reached skill level 15 in Maces & Flails
 16371 | Lair:4   | Gained mutation: Your large and strong wings let you fly indefinitely. [Gargoyle growth]
 16371 | Lair:4   | Reached XP level 14. HP: 89/90 MP: 14/14
 16534 | Lair:4   | Found a staircase to the Shoals.
 16598 | Lair:4   | Found a snail-covered altar of Cheibriados.
 17425 | Lair:5   | Found a staircase to the Slime Pits.
 17426 | Lair:5   | Found a viscous altar of Jiyva.
 18021 | Lair:6   | Entered Level 6 of the Lair of Beasts
 18125 | Lair:6   | Reached skill level 10 in Armour
 18807 | Lair:6   | Received a gift from Trog
 19534 | Lair:6   | Reached skill level 12 in Shields
 19787 | Orc:1    | Entered Level 1 of the Orcish Mines
 20064 | Orc:1    | Found Mes Vaoh's Antique Armour Shop.
 20109 | Orc:1    | Found Tyurait's Weapon Shop.
 20183 | Orc:2    | Entered Level 2 of the Orcish Mines
 20183 | Orc:2    | Found a roughly hewn altar of Beogh.
 20183 | Orc:2    | Found a frozen archway.
 20214 | Orc:2    | Reached XP level 15. HP: 84/97 MP: 15/15
 20250 | Orc:2    | Received a gift from Trog
 20355 | IceCv    | Entered an ice cave
 21277 | IceCv    | Found an ancient bone altar of Kikubaaqudgha.
 21683 | Orc:2    | Found Pemen's Assorted Antiques.
 21699 | Orc:2    | Received a gift from Trog
 21921 | Orc:1    | Noticed Maurice
 21923 | Orc:1    | Noticed Nergalle
 21954 | Orc:2    | Killed Nergalle
 22248 | Orc:2    | Found a staircase to the Elven Halls.
 22456 | Orc:2    | Killed Maurice
 23158 | Orc:2    | Received a gift from Trog
 23182 | Orc:2    | Got a slimy morningstar {god gift}
 23184 | Orc:2    | Identified the +8 morningstar of Slow Death {crush, +Inv} (Trog gifted it to you on level 2 of the Orcish Mines)
 23220 | Orc:2    | Found Cudiegamn's Antique Armour Shoppe.
 23220 | Orc:2    | Found Zutruwegg's General Store.
 23538 | Orc:2    | Found Moim's Antique Armour Shop.
 23538 | Orc:2    | Found Lamoxki's General Store.
 23557 | Orc:2    | Bought a scroll of identify for 32 gold pieces
 24130 | D:13     | Reached skill level 13 in Shields
 25165 | D:14     | Reached skill level 14 in Shields
 25601 | D:14     | Received a gift from Trog
 25841 | D:14     | Reached XP level 16. HP: 104/104 MP: 16/16
 25864 | D:14     | Found a gate to the Vaults.
 25980 | D:14     | Reached skill level 15 in Shields
 26225 | D:15     | Entered Level 15 of the Dungeon
 26508 | D:15     | Noticed Nessos
 26545 | D:15     | Killed Nessos
 26969 | D:15     | Found a staircase to the Depths.
 26989 | D:15     | Reached skill level 16 in Shields
 27076 | D:15     | Received a gift from Trog
 27367 | Depths:1 | Entered Level 1 of the Depths
 27374 | Depths:1 | Noticed Rekenzichi's ghost (adept DrGl)
 28258 | Depths:1 | Noticed a sphinx
 28479 | Depths:1 | Killed a sphinx
 28485 | Depths:1 | Reached skill level 17 in Shields
 28583 | Depths:1 | Received a gift from Trog
 29014 | Depths:1 | Reached skill level 18 in Shields
 29098 | Depths:1 | Found a gateway to Hell.
 29155 | Depths:1 | Reached XP level 17. HP: 109/109 MP: 17/17
 29419 | Depths:1 | Noticed a sphinx
 29582 | Depths:1 | Found Sofaithy's Jewellery Boutique.
 29582 | Depths:1 | Found Feeppys's Gadget Shoppe.
 29583 | Depths:1 | Found Buatin's Gadget Shoppe.
 29590 | Depths:1 | Bought an uncursed ring of see invisible for 360 gold pieces
 29590 | Depths:1 | Bought an uncursed amulet of the gourmand for 720 gold pieces
 29931 | Depths:1 | Killed Rekenzichi's ghost
 29931 | Depths:1 | Reached skill level 19 in Shields
 30746 | Depths:2 | Reached skill level 20 in Shields
 30998 | Depths:2 | Noticed Nikola
 31054 | Depths:1 | Received a gift from Trog
 31320 | Depths:1 | Killed Nikola
 32173 | Depths:2 | Noticed a quicksilver dragon
 32211 | Depths:1 | Killed a quicksilver dragon
 32264 | Depths:1 | HP: 4/109 [white very ugly thing (12)]
 32264 | Depths:1 | Annihilated by a white very ugly thing

Skill      XL: |  1  2  3  4  5  6  7  8  9 10 11 12 13 14 15 16 17 |
---------------+----------------------------------------------------+-----
Dodging        | 2 3 4 5 6 7 |  7.1
Fighting       | 4 5 6 7 8 9 10 11 12 13 | 13.2
Maces & Flails | 4 5 6 8 11 12 13 15 16 | 16.7
Armour         | 3 4 5 6 7 9 10 | 10.9
Shields        | 9 10 11 12 14 18 20 | 20.7

Action                   |  1- 3 |  4- 6 |  7- 9 | 10-12 | 13-15 | 16-18 || total
-------------------------+-------+-------+-------+-------+-------+-------++-------
Melee: Mace              |    71 |   181 |    76 |       |       |       ||   328
       Morningstar       |       |       |   295 |  1032 |  2465 |  1030 ||  4822
Invok: Berserk           |       |     3 |     7 |     8 |     1 |    12 ||    31
       Trog's Hand       |       |       |       |     2 |     1 |     4 ||     7
       Brothers in Arms  |       |       |       |       |       |     2 ||     2
 Abil: Fly               |       |       |       |       |     1 |       ||     1
  Use: Scroll            |     3 |     1 |     3 |     7 |    11 |     3 ||    28
       Potion            |       |       |       |       |       |     1 ||     1
  Eat: Chunk             |     1 |     8 |    18 |    19 |    40 |    35 ||   121
       Royal jelly       |       |       |     1 |     4 |     2 |     2 ||     9
       Meat ration       |       |       |       |     1 |       |       ||     1
       Fruit             |       |       |       |       |     3 |     5 ||     8
Armor: Animal skin       |     5 |       |       |       |       |       ||     5
       Ring mail         |     3 |    78 |   202 |   445 |       |       ||   728
       Plate armour      |       |       |       |    29 |  1157 |   425 ||  1611
Dodge: Dodged            |    48 |   123 |   252 |   633 |  1144 |   174 ||  2374
Block: Buckler           |       |       |       |   211 |   601 |       ||   812
       Large shield      |       |       |       |       |   256 |   841 ||  1097
